 Dungeon Crawl Stone Soup version 0.28-a0-804-g60983d4ba9 (webtiles) character file.

Game seed: 14793105902270244930

164 vurker the Gusty (level 5, 22/22 HPs)
             Began as a Felid Air Elementalist on Nov 7, 2021.
             Quit the game on level 4 of the Dungeon.
             The game lasted 00:05:39 (5908 turns).

vurker the Gusty (Felid Air Elementalist)           Turns: 5908, Time: 00:05:39

Health: 22/22      AC:  2    Str:  4    XL:     5   Next: 21%
Magic:  11/11      EV: 17    Int: 18    God:
Gold:   159        SH:  0    Dex: 17    Spells: 6/11 levels left
                                        Lives:  0   Deaths: 1

rFire   . . .      SeeInvis +   (weapon unavailable)
rCold   . . .      Faith    .   (shield unavailable)
rNeg    . . .      Spirit   .   (armour unavailable)
rPois   .          Reflect  .   (helmet unavailable)
rElec   .          Harm     .   (cloak unavailable)
rCorr   .          Rampage  .   (gloves unavailable)
Will    .....                   (boots unavailable)
Stlth   ++........              (no amulet)
HPRegen 0.07/turn               (no ring)
MPRegen 0.12/turn               (no ring)

@: quick
A: very small, claws 1, fangs 3, see invisible, speed 1, shaggy fur 2, stealthy
paws, no weapons or thrown items, no armour, multi-lived
a: no special abilities


You were on level 4 of the Dungeon.
You visited 1 branch of the dungeon, and saw 5 of its levels.
You also visited: Sewer.

You collected 159 gold pieces.

Inventory:

Wands
 d - a wand of iceblast (8)
   (You found it on level 4 of the Dungeon)
Scrolls
 a - a scroll of identify {unknown}
 f - a scroll of enchant weapon {unknown}
 g - a scroll of acquirement {unknown}
 h - 2 scrolls of fog {unknown}
 m - a scroll of brand weapon {unknown}
 n - 2 scrolls of teleportation {unknown}
Potions
 b - a potion of might {unknown}
 c - 2 potions of resistance
 e - 2 potions of degeneration {unknown}
 i - 2 potions of heal wounds {unknown}
 j - a potion of magic {unknown}
 k - a potion of invisibility {unknown}
 l - 2 potions of haste {unknown}


   Skills:
 + Level 2.2 Fighting
 - Level 2.6 Dodging
 - Level 2.6 Stealth
 * Level 3.8 Spellcasting
 + Level 2.2 Conjurations
 * Level 4.3 Air Magic


You had 6 spell levels left.
You knew the following spells:

 Your Spells              Type           Power      Damage    Failure   Level
a - Shock                 Conj/Air       60%        1d6       3%          1
c - Airstrike             Air            9%         N/A       26%         4

Your spell library contained the following spells:

 Spells                   Type           Power      Damage    Failure   Level
 Static Discharge         Conj/Air       15%        N/A       6%          2
 Swiftness                Air            19%        N/A       8%          3
 Foxfire                  Conj/Fire      28%        2x1d5     10%         1
 Conjure Flame            Conj/Fire      7%         6-21      28%         3
 Ignite Poison            Fire/Tmut/Pois 3%         N/A       41%         3
 Inner Flame              Hex/Fire       3%         N/A       41%         3
 Flame Wave               Conj/Fire      7%         3d4       67%         4
 Sticky Flame             Conj/Fire      7%         2d3       67%         4


Dungeon Overview and Level Annotations

Branches:
Dungeon (5/15)              Sewer (visited)
 Temple: D:4-7

Altars:
Cheibriados
Nemelex Xobeh
Qazlal

Shops:
D:1 [


Innate Abilities, Weirdness & Mutations

You have sharp claws.
You have razor-sharp teeth.
You have supernaturally acute eyesight. (SInv)
You cover ground quickly. (Speed+)
You are covered in thick fur. (AC +2)
Your paws help you pounce on unaware monsters.
You are incapable of wielding weapons or throwing items.
You cannot wear armour.
You gain extra lives every three experience levels.


Message History

There is a stone staircase leading down here.
You climb downwards.
Found a dagger.
Found an escape hatch in the floor.
There is a stone staircase leading up here.
Aim: a scorpion (asleep, 100% to hit)
The zap hits the scorpion.
Aim: a scorpion (lightly wounded, 71% to hit)
The zap hits the scorpion.
Aim: a scorpion (lightly wounded, 71% to hit)
The zap misses the scorpion.
A gnoll comes into view. It is wielding a +0 flail.
Aim: a scorpion (lightly wounded, 71% to hit)
The zap hits the scorpion but does no damage.
The zap hits the gnoll.
The gnoll shouts!
A jelly comes into view.
The scorpion misses you.
You climb upwards.
There is a stone staircase leading down here.
Aim: a scorpion (lightly wounded, 71% to hit)
That beam is likely to hit you.
Continue anyway? [Y]es or [N]o only, please.
That beam is likely to hit you.
Continue anyway? [Y]es or [N]o only, please.
That beam is likely to hit you.
Continue anyway? [Y]es or [N]o only, please.
That beam is likely to hit you.
Continue anyway?
Okay, then.
The scorpion stings you!
You are poisoned.
The scorpion poisons you!
The zap misses the scorpion. x2
You feel very sick. The scorpion closely misses you.
The scorpion completely misses you.
The zap misses the scorpion.
The zap hits the scorpion.
You feel sick. The scorpion stings you!
* * * LOW HITPOINT WARNING * * *
Okay, then.
The zap hits the scorpion.
The zap hits the scorpion but does no damage.
* * * LOW HITPOINT WARNING * * *
You feel sick. The scorpion barely misses you.
It was a potion of resistance.
You feel protected.
* * * LOW HITPOINT WARNING * * *
You feel sick. The scorpion stings you!
You die...
You are now level 5!
You rejoin the land of the living...
Unknown command.

#.# #.# #....##...........#. #.#
#.# #.#...#............. #.# #.#
#....##....##....... #.# #.#
#.....#...###....... ##.##
#.###.###########.......
#...#####.##..##.# #..........
#............###.# #.##.......
##...####.###.###.#####.##.......
.##### #.###...@................
.# #...............#........ .#
#######..########........ .###
#..# #.####.## ...# #..# #.# #.##
##.# #..########.# #.## .#.#
#...........# #.## .#†#
#...........####.##
.#.############...............<##


There were no monsters in sight!

Vanquished Creatures
  A black bear (D:4)
  An ice beast (D:4)
  A hound skeleton (D:4)
  3 adders
  4 worms
  2 dart slugs
  2 orcs (D:4)
  7 bats
  6 endoplasms
  2 giant cockroaches
  8 goblins
  5 hobgoblins
  5 jackals (Sewer)
  4 quokkas
  10 ball pythons
  6 frilled lizards
  9 kobolds (Sewer)
  3 rats
79 creatures vanquished.

Vanquished Creatures (others)
  14 plants (Sewer)
  A withered plant (D:1)
15 creatures vanquished.

Grand Total: 94 creatures vanquished

Notes
Turn   | Place    | Note
-------+----------+-------------------------------------------
     0 | D:1      | vurker the Felid Air Elementalist began the quest for the
                  | Orb.
     0 | D:1      | Reached XP level 1. HP: 7/7 MP: 4/4
   144 | D:1      | Found a faded altar of an unknown god.
   148 | D:1      | Reached skill level 1 in Conjurations
   313 | D:1      | Reached XP level 2. HP: 12/12 MP: 1/6
   396 | D:1      | Found Gucon's Armour Shoppe.
   575 | D:1      | Reached skill level 3 in Air Magic
  1334 | D:2      | Reached XP level 3. HP: 15/15 MP: 4/7
  1869 | D:2      | Found a sparkling altar of Nemelex Xobeh.
  2136 | D:3      | Found a glowing drain.
  2144 | D:3      | Reached skill level 1 in Fighting
  2170 | Sewer    | Entered a sewer
  2758 | Sewer    | Reached XP level 4. HP: 8/19 MP: 3/9
  3605 | D:3      | Noticed an earth elemental
  3606 | D:3      | Found a stormy altar of Qazlal.
  3699 | D:3      | Noticed an air elemental
  3699 | D:3      | Noticed a fire elemental
  3699 | D:3      | Noticed a water elemental
  4602 | D:4      | Noticed a black bear
  5007 | D:4      | Found a snail-covered altar of Cheibriados.
  5088 | D:4      | Killed a black bear
  5089 | D:4      | Reached skill level 4 in Air Magic
  5089 | D:4      | Reached XP level 5. HP: 10/22 MP: 2/11
  5286 | D:4      | Learned a level 4 spell: Airstrike
  5395 | D:4      | Noticed an ice beast
  5450 | D:4      | Killed an ice beast
  5451 | D:4      | Gained mutation: You are covered in thick fur. (AC +2)
                  | [Felid growth]
  5451 | D:4      | Reached XP level 6. HP: 9/26 MP: 7/12
  5896 | D:5      | Entered Level 5 of the Dungeon
  5896 | D:5      | Noticed a sky beast
  5907 | D:4      | Slain by a scorpion
  5908 | D:4      | Reached XP level 5. HP: -3/22 MP: 6/11
  5908 | D:4      | Quit the game

Illustrated notes

Levels and vault maps discovered:
D:1:      dpeg_arrival_simpleton_c, layout_loops_cross, serial_shops,
          nicolae_shop_waterfront, ebering_ecumenical_altar_petrified
D:2:      layout_loops_corners, basic_altar
D:3:      layout_basic, nicolae_qazlal_style_of_elements,
          cheibrodos_sewer_entry_sluice
D:4:      layout_loops_ring, mainiacjoe_overflow_six_doors_small,
          minmay_misc_feat_rugged
D:5:      layout_layer_cave, nicolae_hepliaklqana_hazy_memory,
          wad_rectangle_vault, uniq_crazy_yiuf_cottage, uniq_blork_the_orc

Skill      XL: |  1  2  3  4 |
---------------+-------------+-----
Conjurations   | 1 2 |  2.2
Air Magic      | 3 4 |  4.3
Fighting       | 1 2 |  2.2
Spellcasting   | 3 |  3.8
Dodging        | |  2.6
Stealth        | |  2.6

Action                   |  1- 3 |  4- 6 || total
-------------------------+-------+-------++-------
Melee: Unarmed           |    12 |     7 ||    19
       Bite              |     1 |       ||     1
 Cast: Shock             |   110 |   105 ||   215
  Use: Potion            |       |     1 ||     1
Armor: Skin              |     1 |       ||     1
Dodge: Dodged            |    32 |    22 ||    54

Table legend: (Time is in decaauts)
 A = Elapsed time spent in this place.
 B = Non-inter-level travel time spent in this place.
 C = Inter-level travel time spent in this place.
 D = Time resting spent in this place.
 E = Time spent auto-exploring this place.
 F = Levels seen in this place.
 G = Mean time per level.
                   A        B        C        D        E       F      G
               +--------+--------+--------+--------+--------+-----+--------+
         Total |   5444 |   5351 |     93 |    135 |   4535 |   6 |  907.3 |
       Dungeon |   4114 |   4021 |     93 |    135 |   3438 |   5 |  822.8 |
         Sewer |   1330 |   1330 |      0 |      0 |   1097 |   1 | 1330.0 |
               +--------+--------+--------+--------+--------+-----+--------+

Top non-repeatable levels by time:
   Sewer: 1330 daAuts
     D:4: 1237 daAuts
     D:2: 1187 daAuts
     D:3: 890 daAuts
     D:1: 792 daAuts
     D:5: 5 daAuts
